Maple Leafs vs Oilers

Created - June 13, 2022 at 19:02

Goals
1 2 3 T
Maple Leafs 1 0 0 1
Oilers 2 2 1 5
Shots
1 2 3 T
Maple Leafs 13 4 8 25
Oilers 13 11 10 34

1st period

1. Oilers , Jake Gardiner 7 (Alex Galchenyuk 47, Evander Kane 56) at 0:20 (PP)
2. Maple Leafs , Claude Giroux 47 (Evgeni Malkin 51) at 13:04
3. Oilers , Jordan Caron 1 (Ted Purcell 8, Alex Galchenyuk 48) at 15:58

Penalties :
Zach Werenski (TOR) for Interference (Minor) at 0:07, Brayden Schenn (TOR) for Holding (Minor) at 9:21

2nd period

4. Oilers , Alex Galchenyuk 38 (Evander Kane 57, Connor McDavid 42) at 1:21 (PP)
5. Oilers , Ted Purcell 6 (Darnell Nurse 10, Jussi Jokinen 37) at 4:59

Penalties :
Evgeni Malkin (TOR) for Hooking (Minor) at 1:03, Darnell Nurse (Edm) for High sticking (Minor) at 16:00

3rd period

6. Oilers , Tyler Toffoli 27 (Alex Galchenyuk 49, Connor McDavid 43) at 19:27

Penalties :
Beau Bennett (TOR) for Interference (Minor) at 11:28, Tobias Enstrom (Edm) for Interference (Minor) at 13:56, Claude Giroux (TOR) for Goalie Interference (Minor) at 19:51

Goalie Stats

John Gibson (TOR), 16 saves from 17 shots - (0.941), 35:01 minutes
Martin Jones (TOR), 13 saves from 17 shots - (0.765), L, 16-11-3, 24:59 minutes
James Reimer (Edm), 24 saves from 25 shots - (0.960), W, 32-23-9, 60:00 minutes

Players Stats for Maple Leafs

Player Name              G  A  P  +/- PIM S  H  SB GA TA FO     MP     PP MP  PK MP  
------------------------------------------------------------------------------------
Andre Burakovsky         0  0  0   1  0   2  3  0  0  0  1/2    19:45   1:55   0:00 
Beau Bennett             0  0  0   0  2   1  1  0  0  0  0/1    11:29   0:00   0:00 
Bo Horvat                0  0  0   0  0   1  1  1  0  0  8/12   13:07   0:00   2:01 
Brandon Saad             0  0  0  -2  0   0  0  0  0  1  0/0     8:52   0:00   0:44 
Brayden Schenn           0  0  0  -1  2   3  1  0  0  0  7/13   19:31   1:55   1:22 
Braydon Coburn           0  0  0  -1  0   0  1  1  0  0  0/0    18:09   0:00   3:22 
Claude Giroux            1  0  1   1  2   2  2  0  1  0  2/2    19:20   2:03   0:55 
Evgeni Malkin            0  1  1   1  2   1  1  0  0  0  13/27  19:42   2:03   1:14 
Hampus Lindholm          0  0  0  -1  0   4  3  0  1  0  0/0    20:41   2:25   1:15 
John Klingberg           0  0  0   0  0   1  0  1  0  1  0/0    24:57   1:33   1:15 
Jon Merrill              0  0  0  -1  0   0  1  0  0  2  0/0    20:08   1:33   3:22 
Michael Frolik           0  0  0  -1  0   5  0  0  0  0  1/3    16:24   2:03   0:00 
Mike Cammalleri          0  0  0   0  0   1  0  0  0  1  1/1    11:06   0:00   0:00 
Patrice Cormier          0  0  0  -2  0   0  0  0  0  0  1/1     7:41   0:00   0:00 
Pontus Aberg             0  0  0  -2  0   1  0  1  1  0  0/0     7:41   0:00   0:00 
Ryan Parent              0  0  0  -1  0   1  1  0  0  1  0/0    14:39   0:00   0:00 
Scott Hartnell           0  0  0  -1  0   1  1  0  0  1  2/4    20:41   1:55   2:58 
Zach Werenski            0  0  0   0  2   1  1  1  1  0  0/0    21:25   2:25   0:00 

Players Stats for Oilers

Player Name              G  A  P  +/- PIM S  H  SB GA TA FO     MP     PP MP  PK MP  
------------------------------------------------------------------------------------
Alex Galchenyuk          1  3  4   0  0   4  0  2  0  0  2/3    22:26   2:49   2:16 
Cam Barker               0  0  0   0  0   1  2  2  0  0  0/0    25:52   3:03   1:48 
Connor McDavid           0  2  2   0  0   6  2  0  0  0  9/32   22:13   2:49   1:31 
Conor Sheary             0  0  0   0  0   0  2  0  0  0  0/1    10:20   0:00   0:00 
Darnell Nurse            0  1  1   1  2   1  2  0  0  0  0/0    18:44   1:34   0:49 
Duncan Keith             0  0  0   1  0   1  2  0  0  0  0/0    15:41   0:00   0:15 
Evander Kane             0  2  2   0  0   2  2  0  1  0  0/0    17:06   2:49   0:00 
Jake Gardiner            1  0  1   1  0   1  2  1  1  1  0/0    23:59   3:03   2:16 
Jordan Caron             1  0  1   2  0   2  1  0  0  0  3/3     7:57   0:02   0:00 
Jussi Jokinen            0  1  1   0  0   2  2  0  0  0  0/1    11:59   0:00   1:33 
Leon Draisaitl           0  0  0   0  0   1  3  1  2  0  1/1    17:42   1:48   0:09 
Nail Yakupov             0  0  0   2  0   0  0  0  1  0  0/0     7:53   0:00   0:00 
Patrice Bergeron         0  0  0   0  0   1  0  0  0  0  5/8    12:55   0:12   2:21 
Rasmus Ristolainen       0  0  0   0  0   2  2  1  1  1  0/0    24:19   1:34   1:27 
Ryan Nugent-Hopkins      0  0  0   0  0   1  0  0  1  1  8/12   17:50   1:46   0:21 
Ted Purcell              1  1  2   2  0   5  2  0  0  0  0/0     7:53   0:00   0:00 
Tobias Enstrom           0  0  0   1  2   1  1  0  0  1  0/0    12:12   0:00   1:06 
Tyler Toffoli            1  0  1   0  0   3  2  0  0  0  2/5    18:59   1:36   0:00 

3 Stars

1 - Alex Galchenyuk (Edm)
2 - Ted Purcell (Edm)
3 - Jordan Caron (Edm)

Power Play

Maple Leafs - 0 on 2 Attempt(s) - 0.00%
Oilers - 2 on 5 Attempt(s) - 40.00%

Penalty Kill

Maple Leafs - 3 on 5 Attempt(s) - 60.00% - Score 0 goal in Penalty Kill
Oilers - 2 on 2 Attempt(s) - 100.00% - Score 0 goal in Penalty Kill

Team Stat

Maple Leafs - Hits : 17 - Faceoff Wins : 36 - Blocked Shots : 5 - Penalty Minutes : 10
Oilers - Hits : 27 - Faceoff Wins : 30 - Blocked Shots : 7 - Penalty Minutes : 4

Official

Referees : Dean Morton and Chris Schlenker
Linesman : Bryan Pancich and Steve Miller

Game Notes

John Gibson enters game at 4:59 of 2nd period

Finance

Level 1 -- Attendance: 5783 (96.38%) -- Ticket Income $578,300
Level 2 -- Attendance: 5000 (100.00%) -- Ticket Income $300,000
Level 3 -- Attendance: 2000 (100.00%) -- Ticket Income $70,000
Level 4 -- Attendance: 3926 (98.15%) -- Ticket Income $98,150
Luxury Box -- Attendance: 963 (96.30%) -- Ticket Income $192,600
Game was played at the Rodgers Place.
Total Attendance: 17672 (98.18%)
Total Ticket Income: $1,239,050
Other Income: $185,858
Total Income: $1,424,908

Maple Leafs

5 vs 5 Forward 
   Center                   Left Wing                Right Wing               Time % Phy DF OF 
 1 Evgeni Malkin            Claude Giroux            Andre Burakovsky         40     1   2  2  
 2 Brayden Schenn           Scott Hartnell           Michael Frolik           30     1   2  2  
 3 Bo Horvat                Mike Cammalleri          Beau Bennett             20     1   2  2  
 4 Patrice Cormier          Brandon Saad             Pontus Aberg             10     1   2  2  

5 vs 5 Defense 
   Defense                  Defense                                           Time % Phy DF OF 
 1 John Klingberg           Zach Werenski                                     40     1   2  2  
 2 Hampus Lindholm          Jon Merrill                                       30     1   2  2  
 3 Ryan Parent              Braydon Coburn                                    20     1   2  2  
 4 Hampus Lindholm          John Klingberg                                    10     1   2  2  

PowerPlay Forward 
   Center                   Left Wing                Right Wing               Time % Phy DF OF 
 1 Evgeni Malkin            Claude Giroux            Michael Frolik           60     1   2  2  
 2 Brayden Schenn           Scott Hartnell           Andre Burakovsky         40     1   2  2  

PowerPlay Defense
   Defense                  Defense                                           Time % Phy DF OF 
 1 Hampus Lindholm          Zach Werenski                                     60     1   2  2  
 2 Jon Merrill              John Klingberg                                    40     1   2  2  

Penalty Kill 4 Players Forward 
   Center                   Wing                     Time % Phy DF OF 
 1 Brayden Schenn           Scott Hartnell           60     1   2  2  
 2 Evgeni Malkin            Claude Giroux            40     1   2  2  

Penalty Kill 4 Players Defense
   Defense                  Defense                  Time % Phy DF OF 
 1 Jon Merrill              Braydon Coburn           60     1   2  2  
 2 Hampus Lindholm          John Klingberg           40     1   2  2  

Penalty Kill - 3 Players Forward 
   Forward                                           Time % Phy DF OF 
 1 Patrice Cormier                                   60     1   2  2  
 2 Brayden Schenn                                    40     1   2  2  

Penalty Kill - 3 Players Defense
   Defense                  Defense                  Time % Phy DF OF 
 1 Braydon Coburn           Jon Merrill              60     1   2  2  
 2 Hampus Lindholm          John Klingberg           40     1   2  2  

4 vs 4 Forward 
   Center                   Wing                     Time % Phy DF OF 
 1 Brayden Schenn           Claude Giroux            60     1   2  2  
 2 Evgeni Malkin            Michael Frolik           40     1   2  2  

4 vs 4 Defense
   Defense                  Defense                  Time % Phy DF OF 
 1 Hampus Lindholm          John Klingberg           60     1   2  2  
 2 Jon Merrill              Braydon Coburn           40     1   2  2  

Last Minutes Offensive
   Center                   Left Wing                Right Wing               Defense                  Defense                  
   Evgeni Malkin            Claude Giroux            Michael Frolik           Hampus Lindholm          John Klingberg           

Last Minutes Defensive
   Center                   Left Wing                Right Wing               Defense                  Defense                  
   Brayden Schenn           Claude Giroux            Michael Frolik           Braydon Coburn           Jon Merrill              

Goaltenders
Starting : Martin Jones             
Backup : John Gibson              

Extra Forwards
Normal : Scott Hartnell, Michael Frolik, Evgeni Malkin - PP : Scott Hartnell, Michael Frolik - PK : Scott Hartnell
Extra Defensemen
Normal : Braydon Coburn, Ryan Parent, Zach Werenski - PP : Braydon Coburn - PK : Braydon Coburn, Ryan Parent
Penalty Shots
Michael Frolik, Claude Giroux, Andre Burakovsky, Brayden Schenn, Evgeni Malkin

Scratches
None

Oilers

5 vs 5 Forward 
   Center                   Left Wing                Right Wing               Time % Phy DF OF 
 1 Connor McDavid           Alex Galchenyuk          Tyler Toffoli            40     1   2  2  
 2 Ryan Nugent-Hopkins      Leon Draisaitl           Evander Kane             30     1   2  2  
 3 Patrice Bergeron         Jussi Jokinen            Conor Sheary             20     1   2  2  
 4 Jordan Caron             Ted Purcell              Nail Yakupov             10     1   2  2  

5 vs 5 Defense 
   Defense                  Defense                                           Time % Phy DF OF 
 1 Rasmus Ristolainen       Cam Barker                                        40     1   2  2  
 2 Darnell Nurse            Jake Gardiner                                     30     1   2  2  
 3 Tobias Enstrom           Duncan Keith                                      20     1   2  2  
 4 Duncan Keith             Jake Gardiner                                     10     1   2  2  

PowerPlay Forward 
   Center                   Left Wing                Right Wing               Time % Phy DF OF 
 1 Connor McDavid           Alex Galchenyuk          Evander Kane             60     1   2  2  
 2 Ryan Nugent-Hopkins      Leon Draisaitl           Tyler Toffoli            40     1   2  2  

PowerPlay Defense
   Defense                  Defense                                           Time % Phy DF OF 
 1 Jake Gardiner            Cam Barker                                        60     1   2  2  
 2 Darnell Nurse            Rasmus Ristolainen                                40     1   2  2  

Penalty Kill 4 Players Forward 
   Center                   Wing                     Time % Phy DF OF 
 1 Patrice Bergeron         Alex Galchenyuk          60     1   2  2  
 2 Connor McDavid           Jussi Jokinen            40     1   2  2  

Penalty Kill 4 Players Defense
   Defense                  Defense                  Time % Phy DF OF 
 1 Jake Gardiner            Cam Barker               60     1   2  2  
 2 Darnell Nurse            Rasmus Ristolainen       40     1   2  2  

Penalty Kill - 3 Players Forward 
   Forward                                           Time % Phy DF OF 
 1 Patrice Bergeron                                  60     1   2  2  
 2 Connor McDavid                                    40     1   2  2  

Penalty Kill - 3 Players Defense
   Defense                  Defense                  Time % Phy DF OF 
 1 Jake Gardiner            Cam Barker               60     1   2  2  
 2 Darnell Nurse            Rasmus Ristolainen       40     1   2  2  

4 vs 4 Forward 
   Center                   Wing                     Time % Phy DF OF 
 1 Patrice Bergeron         Alex Galchenyuk          60     1   2  2  
 2 Connor McDavid           Jussi Jokinen            40     1   2  2  

4 vs 4 Defense
   Defense                  Defense                  Time % Phy DF OF 
 1 Jake Gardiner            Cam Barker               60     1   2  2  
 2 Darnell Nurse            Rasmus Ristolainen       40     1   2  2  

Last Minutes Offensive
   Center                   Left Wing                Right Wing               Defense                  Defense                  
   Patrice Bergeron         Alex Galchenyuk          Evander Kane             Jake Gardiner            Cam Barker               

Last Minutes Defensive
   Center                   Left Wing                Right Wing               Defense                  Defense                  
   Patrice Bergeron         Alex Galchenyuk          Evander Kane             Jake Gardiner            Cam Barker               

Goaltenders
Starting : James Reimer             
Backup : Jonas Hiller             

Extra Forwards
Normal : Patrice Bergeron, Connor McDavid, Leon Draisaitl - PP : Patrice Bergeron, Connor McDavid - PK : Patrice Bergeron
Extra Defensemen
Normal : Tobias Enstrom, Jake Gardiner, Duncan Keith - PP : Tobias Enstrom - PK : Tobias Enstrom, Jake Gardiner
Penalty Shots
Evander Kane, Alex Galchenyuk, Tyler Toffoli, Jussi Jokinen, Patrice Bergeron

Scratches
Andy Rogers (Healthy), Maxim Lapierre (Left Forearm Injury)

% Time on Ice - Maple Leafs

Lines # - Real PCT - Wanted PCT - Time Play
Normal Forward
1 - 33% - 40% - 16:50
2 - 31% - 30% - 15:48
3 - 22% - 20% - 11:06
4 - 15% - 10% - 7:41
Normal Defense
1 - 37% - 40% - 19:07
2 - 30% - 30% - 15:19
3 - 28% - 20% - 14:29
4 - 5% - 10% - 2:30
PP Forward
1 - 52% - 60% - 2:03
2 - 48% - 40% - 1:55
PP Defense
1 - 61% - 60% - 2:25
2 - 39% - 40% - 1:33
PK Forward
1 - 80% - 60% - 3:42
2 - 20% - 40% - 0:55
PK Defense
1 - 73% - 60% - 3:22
2 - 27% - 40% - 1:15
PK3 Forward
1 - 0% - 60%
2 - 0% - 40%
PK3 Defense
1 - 0% - 60%
2 - 0% - 40%
44 Forward
1 - 0% - 60%
2 - 0% - 40%
44 Defense
1 - 0% - 60%
2 - 0% - 40%
Last Minute Offensive  - 0:00
Last Minute Defensive  - 0:00
Total
Forward - 60:00
Defense - 60:00

% Time on Ice - Oilers

Lines # - Real PCT - Wanted PCT - Time Play
Normal Forward
1 - 37% - 40% - 18:51
2 - 28% - 30% - 14:21
3 - 20% - 20% - 10:20
4 - 15% - 10% - 7:53
Normal Defense
1 - 41% - 40% - 21:01
2 - 30% - 30% - 15:24
3 - 21% - 20% - 11:01
4 - 8% - 10% - 3:59
PP Forward
1 - 61% - 60% - 2:49
2 - 39% - 40% - 1:48
PP Defense
1 - 66% - 60% - 3:03
2 - 34% - 40% - 1:34
PK Forward
1 - 87% - 60% - 3:27
2 - 13% - 40% - 0:31
PK Defense
1 - 57% - 60% - 2:16
2 - 43% - 40% - 1:42
PK3 Forward
1 - 0% - 60%
2 - 0% - 40%
PK3 Defense
1 - 0% - 60%
2 - 0% - 40%
44 Forward
1 - 0% - 60%
2 - 0% - 40%
44 Defense
1 - 0% - 60%
2 - 0% - 40%
Last Minute Offensive  - 0:00
Last Minute Defensive  - 0:00
Total
Forward - 60:00
Defense - 60:00

Play-by-Play

1st period


0:01 of 1st period - Connor McDavid wins face-off versus Evgeni Malkin in neutral zone.
0:07 of 1st period - Minor Penalty to Zach Werenski for Interference.
0:08 of 1st period - Scott Hartnell wins face-off versus Connor McDavid in Maple Leafs zone.
0:18 of 1st period - Wrist shot by Alex Galchenyuk.
0:18 of 1st period - Stopped by Martin Jones with a rebound.
0:20 of 1st period - Backhand shot by Jake Gardiner.
0:20 of 1st period - Goal by Jake Gardiner - Maple Leafs : 0 - Oilers : 1.
0:21 of 1st period - Ryan Nugent-Hopkins wins face-off versus Brayden Schenn in neutral zone.
0:41 of 1st period - Michael Frolik is hit by Darnell Nurse and loses puck.
1:24 of 1st period - Slapshot by John Klingberg.
1:24 of 1st period - Stopped by James Reimer without a rebound.
1:25 of 1st period - Bo Horvat wins face-off versus Jussi Jokinen in Oilers zone.
1:36 of 1st period - Slapshot by Rasmus Ristolainen.
1:36 of 1st period - Stopped by Martin Jones without a rebound.
1:37 of 1st period - Jordan Caron wins face-off versus Andre Burakovsky in Maple Leafs zone.
1:38 of 1st period - Snap shot by Ted Purcell.
1:38 of 1st period - Stopped by Martin Jones with a rebound.
1:44 of 1st period - Ted Purcell is hit by Andre Burakovsky and loses puck.
1:53 of 1st period - Snap shot by Claude Giroux.
1:53 of 1st period - Deflect By Andre Burakovsky.
1:53 of 1st period - Shot Misses the Net.
1:53 of 1st period - Puck is out of play.
1:54 of 1st period - Patrice Bergeron wins face-off versus Brayden Schenn in Oilers zone.
2:43 of 1st period - Snap shot by Connor McDavid.
2:43 of 1st period - Stopped by Martin Jones without a rebound.
2:44 of 1st period - Patrice Cormier wins face-off versus Connor McDavid in Maple Leafs zone.
2:44 of 1st period - Patrice Cormier is hit by Connor McDavid.
3:15 of 1st period - Slapshot by Evander Kane.
3:15 of 1st period - Stopped by Martin Jones with a rebound.
3:40 of 1st period - Duncan Keith is hit by Claude Giroux and loses puck.
3:55 of 1st period - Brayden Schenn is hit by Ted Purcell and loses puck.
4:36 of 1st period - Evgeni Malkin is hit by Evander Kane.
4:42 of 1st period - Icing by Rasmus Ristolainen.
4:43 of 1st period - Brayden Schenn wins face-off versus Ryan Nugent-Hopkins in Oilers zone.
5:28 of 1st period - Wrist shot by Michael Frolik.
5:28 of 1st period - Shot Blocked by Cam Barker.
5:30 of 1st period - Wrist shot by Braydon Coburn.
5:30 of 1st period - Shot Blocked by Cam Barker.
5:32 of 1st period - Slapshot by Brayden Schenn.
5:32 of 1st period - Deflect By Michael Frolik.
5:32 of 1st period - Stopped by James Reimer with a rebound.
5:34 of 1st period - Snap shot by Michael Frolik.
5:34 of 1st period - Stopped by James Reimer with a rebound.
5:36 of 1st period - Snap shot by Brayden Schenn.
5:36 of 1st period - Shot Misses the Net.
6:03 of 1st period - Slapshot by Rasmus Ristolainen.
6:03 of 1st period - Deflect By Leon Draisaitl.
6:03 of 1st period - Stopped by Martin Jones without a rebound.
6:04 of 1st period - Claude Giroux wins face-off versus Connor McDavid in Maple Leafs zone.
8:41 of 1st period - John Klingberg is hit by Tobias Enstrom.
8:51 of 1st period - Tobias Enstrom is hit by Ryan Parent and loses puck.
9:04 of 1st period - Backhand shot by Pontus Aberg.
9:04 of 1st period - Stopped by James Reimer with a rebound.
9:21 of 1st period - Minor Penalty to Brayden Schenn for Holding.
9:22 of 1st period - Connor McDavid wins face-off versus Scott Hartnell in Maple Leafs zone.
9:28 of 1st period - Slapshot by Connor McDavid.
9:28 of 1st period - Stopped by Martin Jones without a rebound.
9:29 of 1st period - Bo Horvat wins face-off versus Connor McDavid in Maple Leafs zone.
9:35 of 1st period - Icing by Alex Galchenyuk.
9:36 of 1st period - Bo Horvat wins face-off versus Connor McDavid in Oilers zone.
10:06 of 1st period - Snap shot by Connor McDavid.
10:06 of 1st period - Stopped by Martin Jones without a rebound.
10:07 of 1st period - Ryan Nugent-Hopkins wins face-off versus Bo Horvat in Maple Leafs zone.
10:22 of 1st period - Snap shot by Leon Draisaitl.
10:22 of 1st period - Deflect By Ryan Nugent-Hopkins.
10:22 of 1st period - Shot Misses the Net.
10:22 of 1st period - Puck is out of play.
10:23 of 1st period - Bo Horvat wins face-off versus Connor McDavid in Maple Leafs zone.
10:38 of 1st period - Snap shot by Evander Kane.
10:38 of 1st period - Stopped by Martin Jones with a rebound.
10:40 of 1st period - Wrist shot by Evander Kane.
10:40 of 1st period - Shot Blocked by Bo Horvat.
11:21 of 1st period - Penalty to Brayden Schenn is over, Brayden Schenn is back on ice.
11:43 of 1st period - Wrist shot by Duncan Keith.
11:43 of 1st period - Shot Blocked by Pontus Aberg.
11:45 of 1st period - Snap shot by Ted Purcell.
11:45 of 1st period - Stopped by Martin Jones without a rebound.
11:46 of 1st period - Jordan Caron wins face-off versus Brayden Schenn in Maple Leafs zone.
11:51 of 1st period - Slapshot by Jake Gardiner.
11:51 of 1st period - Deflect By Jordan Caron.
11:51 of 1st period - Shot Blocked by Braydon Coburn.
11:51 of 1st period - Puck is out of play.
11:52 of 1st period - Brayden Schenn wins face-off versus Connor McDavid in Maple Leafs zone.
12:25 of 1st period - Snap shot by Claude Giroux.
12:25 of 1st period - Stopped by James Reimer with a rebound.
12:48 of 1st period - Off-side.
12:49 of 1st period - Connor McDavid wins face-off versus Beau Bennett in neutral zone.
13:02 of 1st period - Slapshot by Beau Bennett.
13:02 of 1st period - Stopped by James Reimer without a rebound.
13:03 of 1st period - Evgeni Malkin wins face-off versus Connor McDavid in Oilers zone.
13:04 of 1st period - Wrist shot by Claude Giroux.
13:04 of 1st period - Goal by Claude Giroux - Maple Leafs : 1 - Oilers : 1.
13:05 of 1st period - Connor McDavid wins face-off versus Evgeni Malkin in neutral zone.
13:32 of 1st period - John Klingberg is hit by Leon Draisaitl and loses puck.
14:43 of 1st period - Snap shot by Evgeni Malkin.
14:43 of 1st period - Shot Blocked by Alex Galchenyuk.
14:45 of 1st period - Wrist shot by Evgeni Malkin.
14:45 of 1st period - Shot Blocked by Jake Gardiner.
15:23 of 1st period - Wrist shot by Mike Cammalleri.
15:23 of 1st period - Stopped by James Reimer with a rebound.
15:25 of 1st period - Backhand shot by Bo Horvat.
15:25 of 1st period - Stopped by James Reimer with a rebound.
15:37 of 1st period - Cam Barker is hit by Claude Giroux.
15:58 of 1st period - Wrist shot by Jordan Caron.
15:58 of 1st period - Goal by Jordan Caron - Maple Leafs : 1 - Oilers : 2.
15:59 of 1st period - Evgeni Malkin wins face-off versus Connor McDavid in neutral zone.
16:38 of 1st period - Off-side.
16:39 of 1st period - Evgeni Malkin wins face-off versus Connor McDavid in neutral zone.
16:42 of 1st period - Wrist shot by Andre Burakovsky.
16:42 of 1st period - Stopped by James Reimer without a rebound.
16:43 of 1st period - Evgeni Malkin wins face-off versus Connor McDavid in Oilers zone.
16:52 of 1st period - Snap shot by Evgeni Malkin.
16:52 of 1st period - Stopped by James Reimer without a rebound.
16:53 of 1st period - Evgeni Malkin wins face-off versus Connor McDavid in Oilers zone.
16:59 of 1st period - Icing by Connor McDavid.
17:00 of 1st period - Connor McDavid wins face-off versus Evgeni Malkin in Oilers zone.
17:19 of 1st period - Slapshot by Claude Giroux.
17:19 of 1st period - Shot Blocked by Alex Galchenyuk.
17:21 of 1st period - Slapshot by John Klingberg.
17:21 of 1st period - Deflect By Andre Burakovsky.
17:21 of 1st period - Shot Misses the Net.
17:21 of 1st period - Puck is out of play.
17:22 of 1st period - Ryan Nugent-Hopkins wins face-off versus Michael Frolik in Oilers zone.
17:33 of 1st period - Slapshot by Michael Frolik.
17:33 of 1st period - Stopped by James Reimer with a rebound.
17:35 of 1st period - Slapshot by Jon Merrill.
17:35 of 1st period - Shot Misses the Net.
17:37 of 1st period - Wrist shot by Brayden Schenn.
17:37 of 1st period - Shot Blocked by Leon Draisaitl.
17:39 of 1st period - Snap shot by Brayden Schenn.
17:39 of 1st period - Stopped by James Reimer with a rebound.
17:59 of 1st period - Andre Burakovsky is hit by Jake Gardiner and loses puck.
18:14 of 1st period - Snap shot by Bo Horvat.
18:14 of 1st period - Shot Misses the Net.
18:20 of 1st period - Braydon Coburn is hit by Cam Barker and loses puck.
18:33 of 1st period - Slapshot by Braydon Coburn.
18:33 of 1st period - Shot Misses the Net.
19:19 of 1st period - Evgeni Malkin is hit by Duncan Keith and loses puck.
19:32 of 1st period - Snap shot by Mike Cammalleri.
19:32 of 1st period - Deflect By Bo Horvat.
19:32 of 1st period - Shot Misses the Net.
19:32 of 1st period - Puck is out of play.
19:33 of 1st period - Bo Horvat wins face-off versus Patrice Bergeron in Oilers zone.
19:50 of 1st period - Slapshot by Jussi Jokinen.
19:50 of 1st period - Stopped by Martin Jones with a rebound.
19:56 of 1st period - Slapshot by Rasmus Ristolainen.
19:56 of 1st period - Shot Blocked by John Klingberg.
Goals for this period are 1 for Maple Leafs vs 2 for Oilers.
Shots for this period are 13 for Maple Leafs vs 13 for Oilers.

2nd period


0:01 of 2nd period - Evgeni Malkin wins face-off versus Connor McDavid in neutral zone.
0:39 of 2nd period - Slapshot by Connor McDavid.
0:39 of 2nd period - Stopped by Martin Jones without a rebound.
0:40 of 2nd period - Ryan Nugent-Hopkins wins face-off versus Evgeni Malkin in Maple Leafs zone.
1:03 of 2nd period - Minor Penalty to Evgeni Malkin for Hooking.
1:04 of 2nd period - Alex Galchenyuk wins face-off versus Brayden Schenn in Maple Leafs zone.
1:21 of 2nd period - Snap shot by Alex Galchenyuk.
1:21 of 2nd period - Goal by Alex Galchenyuk - Maple Leafs : 1 - Oilers : 3.
1:22 of 2nd period - Evgeni Malkin wins face-off versus Tyler Toffoli in neutral zone.
1:52 of 2nd period - Off-side.
1:53 of 2nd period - Brayden Schenn wins face-off versus Ryan Nugent-Hopkins in neutral zone.
2:12 of 2nd period - Slapshot by Hampus Lindholm.
2:12 of 2nd period - Deflect By Evander Kane.
2:12 of 2nd period - Stopped by James Reimer with a rebound.
2:14 of 2nd period - Snap shot by Michael Frolik.
2:14 of 2nd period - Shot Misses the Net.
3:02 of 2nd period - Zach Werenski is hit by Evander Kane and loses puck.
3:43 of 2nd period - Ryan Nugent-Hopkins is hit by Brayden Schenn and loses puck.
3:49 of 2nd period - Icing by Evander Kane.
3:50 of 2nd period - Ryan Nugent-Hopkins wins face-off versus Evgeni Malkin in Oilers zone.
4:03 of 2nd period - Wrist shot by Evander Kane.
4:03 of 2nd period - Shot Misses the Net.
4:05 of 2nd period - Wrist shot by Cam Barker.
4:05 of 2nd period - Stopped by Martin Jones with a rebound.
4:07 of 2nd period - Wrist shot by Cam Barker.
4:07 of 2nd period - Deflect By Leon Draisaitl.
4:07 of 2nd period - Shot Misses the Net.
4:07 of 2nd period - Puck is out of play.
4:08 of 2nd period - Bo Horvat wins face-off versus Connor McDavid in Maple Leafs zone.
4:08 of 2nd period - Bo Horvat is hit by Tyler Toffoli.
4:34 of 2nd period - Darnell Nurse is hit by Andre Burakovsky and loses puck.
4:59 of 2nd period - Snap shot by Ted Purcell.
4:59 of 2nd period - Goal by Ted Purcell - Maple Leafs : 1 - Oilers : 4.
4:59 of 2nd period - John Gibson enters game.
5:00 of 2nd period - Andre Burakovsky wins face-off versus Connor McDavid in neutral zone.
5:11 of 2nd period - Connor McDavid is hit by Hampus Lindholm and loses puck.
5:31 of 2nd period - Bo Horvat is hit by Conor Sheary and loses puck.
5:50 of 2nd period - Wrist shot by Ted Purcell.
5:50 of 2nd period - Stopped by John Gibson without a rebound.
5:51 of 2nd period - Jordan Caron wins face-off versus Evgeni Malkin in Maple Leafs zone.
6:21 of 2nd period - Braydon Coburn is hit by Tyler Toffoli and loses puck.
7:29 of 2nd period - Zach Werenski is hit by Cam Barker and loses puck.
8:38 of 2nd period - Ryan Nugent-Hopkins is hit by Braydon Coburn.
8:55 of 2nd period - Icing by John Klingberg.
8:56 of 2nd period - Bo Horvat wins face-off versus Connor McDavid in Maple Leafs zone.
9:01 of 2nd period - Connor McDavid is hit by Beau Bennett and loses puck.
9:10 of 2nd period - Slapshot by Hampus Lindholm.
9:10 of 2nd period - Stopped by James Reimer without a rebound.
9:11 of 2nd period - Connor McDavid wins face-off versus Evgeni Malkin in Oilers zone.
9:20 of 2nd period - Snap shot by Connor McDavid.
9:20 of 2nd period - Deflect By Tyler Toffoli.
9:20 of 2nd period - Stopped by John Gibson with a rebound.
9:26 of 2nd period - Slapshot by Hampus Lindholm.
9:26 of 2nd period - Stopped by James Reimer with a rebound.
9:38 of 2nd period - Jon Merrill is hit by Conor Sheary.
10:25 of 2nd period - Slapshot by Duncan Keith.
10:25 of 2nd period - Shot Misses the Net.
10:27 of 2nd period - Slapshot by Ted Purcell.
10:27 of 2nd period - Stopped by John Gibson with a rebound.
10:29 of 2nd period - Snap shot by Jordan Caron.
10:29 of 2nd period - Stopped by John Gibson without a rebound.
10:30 of 2nd period - Tyler Toffoli wins face-off versus Evgeni Malkin in Maple Leafs zone.
10:37 of 2nd period - Wrist shot by Alex Galchenyuk.
10:37 of 2nd period - Stopped by John Gibson without a rebound.
10:38 of 2nd period - Evgeni Malkin wins face-off versus Connor McDavid in Maple Leafs zone.
10:56 of 2nd period - Icing by Darnell Nurse.
10:57 of 2nd period - Brayden Schenn wins face-off versus Connor McDavid in Oilers zone.
11:04 of 2nd period - Tyler Toffoli is hit by Scott Hartnell and loses puck.
11:17 of 2nd period - Zach Werenski is hit by Connor McDavid and loses puck.
11:50 of 2nd period - Icing by Michael Frolik.
11:51 of 2nd period - Ryan Nugent-Hopkins wins face-off versus Brayden Schenn in Maple Leafs zone.
12:08 of 2nd period - Slapshot by Rasmus Ristolainen.
12:08 of 2nd period - Stopped by John Gibson with a rebound.
12:40 of 2nd period - Mike Cammalleri is hit by Jordan Caron and loses puck.
14:29 of 2nd period - Rasmus Ristolainen is hit by Zach Werenski and loses puck.
14:44 of 2nd period - Beau Bennett is hit by Jussi Jokinen and loses puck.
16:00 of 2nd period - Minor Penalty to Darnell Nurse for High sticking.
16:01 of 2nd period - Patrice Bergeron wins face-off versus Michael Frolik in Oilers zone.
16:59 of 2nd period - Brayden Schenn is hit by Rasmus Ristolainen and loses puck.
18:00 of 2nd period - Penalty to Darnell Nurse is over, Darnell Nurse is back on ice.
18:00 of 2nd period - Brayden Schenn is hit by Leon Draisaitl and loses puck.
18:07 of 2nd period - Wrist shot by Leon Draisaitl.
18:07 of 2nd period - Shot Misses the Net.
18:50 of 2nd period - Tobias Enstrom is hit by Andre Burakovsky and loses puck.
19:09 of 2nd period - Snap shot by Andre Burakovsky.
19:09 of 2nd period - Stopped by James Reimer with a rebound.
19:11 of 2nd period - Snap shot by Andre Burakovsky.
19:11 of 2nd period - Shot Misses the Net.
19:13 of 2nd period - Wrist shot by Andre Burakovsky.
19:13 of 2nd period - Shot Misses the Net.
19:15 of 2nd period - Snap shot by John Klingberg.
19:15 of 2nd period - Shot Misses the Net.
19:23 of 2nd period - Snap shot by Darnell Nurse.
19:23 of 2nd period - Stopped by John Gibson without a rebound.
19:24 of 2nd period - Bo Horvat wins face-off versus Patrice Bergeron in Maple Leafs zone.
19:24 of 2nd period - Bo Horvat is hit by Jussi Jokinen.
19:32 of 2nd period - Cam Barker is hit by Jon Merrill and loses puck.
Goals for this period are 0 for Maple Leafs vs 2 for Oilers.
Shots for this period are 4 for Maple Leafs vs 11 for Oilers.

3rd period


0:01 of 3rd period - Tyler Toffoli wins face-off versus Evgeni Malkin in neutral zone.
1:30 of 3rd period - Patrice Cormier is hit by Rasmus Ristolainen and loses puck.
1:54 of 3rd period - Off-side.
1:55 of 3rd period - Ryan Nugent-Hopkins wins face-off versus Bo Horvat in neutral zone.
1:59 of 3rd period - Icing by John Klingberg.
2:00 of 3rd period - Connor McDavid wins face-off versus Bo Horvat in Maple Leafs zone.
3:11 of 3rd period - Wrist shot by Ryan Nugent-Hopkins.
3:11 of 3rd period - Stopped by John Gibson without a rebound.
3:12 of 3rd period - Evgeni Malkin wins face-off versus Connor McDavid in Maple Leafs zone.
3:39 of 3rd period - Connor McDavid is hit by Bo Horvat and loses puck.
3:50 of 3rd period - Slapshot by Zach Werenski.
3:50 of 3rd period - Stopped by James Reimer without a rebound.
3:51 of 3rd period - Patrice Bergeron wins face-off versus Evgeni Malkin in Oilers zone.
4:18 of 3rd period - Brayden Schenn is hit by Darnell Nurse.
4:45 of 3rd period - Beau Bennett is hit by Ted Purcell and loses puck.
5:12 of 3rd period - Snap shot by Tyler Toffoli.
5:12 of 3rd period - Stopped by John Gibson with a rebound.
5:27 of 3rd period - Off-side.
5:28 of 3rd period - Brayden Schenn wins face-off versus Patrice Bergeron in neutral zone.
5:41 of 3rd period - Snap shot by Michael Frolik.
5:41 of 3rd period - Stopped by James Reimer with a rebound.
5:43 of 3rd period - Wrist shot by Michael Frolik.
5:43 of 3rd period - Shot Misses the Net.
5:45 of 3rd period - Slapshot by Hampus Lindholm.
5:45 of 3rd period - Stopped by James Reimer with a rebound.
5:57 of 3rd period - Wrist shot by Connor McDavid.
5:57 of 3rd period - Stopped by John Gibson without a rebound.
5:58 of 3rd period - Connor McDavid wins face-off versus Evgeni Malkin in Maple Leafs zone.
5:59 of 3rd period - Slapshot by Tyler Toffoli.
5:59 of 3rd period - Deflect By Connor McDavid.
5:59 of 3rd period - Shot Blocked by Zach Werenski.
5:59 of 3rd period - Puck is out of play.
6:00 of 3rd period - Evgeni Malkin wins face-off versus Tyler Toffoli in Maple Leafs zone.
7:09 of 3rd period - Jon Merrill is hit by Duncan Keith and loses puck.
7:38 of 3rd period - Slapshot by Ryan Parent.
7:38 of 3rd period - Stopped by James Reimer without a rebound.
7:39 of 3rd period - Brayden Schenn wins face-off versus Ryan Nugent-Hopkins in Oilers zone.
7:48 of 3rd period - Wrist shot by Scott Hartnell.
7:48 of 3rd period - Stopped by James Reimer without a rebound.
7:49 of 3rd period - Michael Frolik wins face-off versus Ryan Nugent-Hopkins in Oilers zone.
7:52 of 3rd period - Wrist shot by Michael Frolik.
7:52 of 3rd period - Stopped by James Reimer with a rebound.
7:54 of 3rd period - Slapshot by John Klingberg.
7:54 of 3rd period - Shot Misses the Net.
7:56 of 3rd period - Snap shot by Brayden Schenn.
7:56 of 3rd period - Stopped by James Reimer without a rebound.
7:57 of 3rd period - Evgeni Malkin wins face-off versus Connor McDavid in Oilers zone.
8:41 of 3rd period - Icing by Scott Hartnell.
8:42 of 3rd period - Brayden Schenn wins face-off versus Conor Sheary in Maple Leafs zone.
8:51 of 3rd period - Snap shot by Jussi Jokinen.
8:51 of 3rd period - Deflect By Patrice Bergeron.
8:51 of 3rd period - Stopped by John Gibson without a rebound.
8:52 of 3rd period - Alex Galchenyuk wins face-off versus Evgeni Malkin in Maple Leafs zone.
8:59 of 3rd period - Snap shot by Connor McDavid.
8:59 of 3rd period - Stopped by John Gibson without a rebound.
9:00 of 3rd period - Claude Giroux wins face-off versus Connor McDavid in Maple Leafs zone.
9:17 of 3rd period - Snap shot by Claude Giroux.
9:17 of 3rd period - Shot Misses the Net.
10:07 of 3rd period - Snap shot by Connor McDavid.
10:07 of 3rd period - Shot Misses the Net.
10:37 of 3rd period - Cam Barker is hit by Evgeni Malkin and loses puck.
11:18 of 3rd period - Snap shot by Jussi Jokinen.
11:18 of 3rd period - Stopped by John Gibson with a rebound.
11:21 of 3rd period - Icing by Braydon Coburn.
11:22 of 3rd period - Leon Draisaitl wins face-off versus Bo Horvat in Maple Leafs zone.
11:28 of 3rd period - Minor Penalty to Beau Bennett for Interference.
11:29 of 3rd period - Ryan Nugent-Hopkins wins face-off versus Brayden Schenn in Maple Leafs zone.
11:55 of 3rd period - Scott Hartnell is hit by Jake Gardiner and loses puck.
13:28 of 3rd period - Penalty to Beau Bennett is over, Beau Bennett is back on ice.
13:56 of 3rd period - Minor Penalty to Tobias Enstrom for Interference.
13:57 of 3rd period - Patrice Bergeron wins face-off versus Evgeni Malkin in Oilers zone.
14:24 of 3rd period - Patrice Bergeron is hit by Hampus Lindholm.
14:28 of 3rd period - Slapshot by Patrice Bergeron.
14:28 of 3rd period - Deflect By Alex Galchenyuk.
14:28 of 3rd period - Stopped by John Gibson without a rebound.
14:29 of 3rd period - Scott Hartnell wins face-off versus Alex Galchenyuk in Maple Leafs zone.
14:38 of 3rd period - Wrist shot by Brayden Schenn.
14:38 of 3rd period - Stopped by James Reimer without a rebound.
14:39 of 3rd period - Patrice Bergeron wins face-off versus Evgeni Malkin in Oilers zone.
15:30 of 3rd period - Patrice Bergeron is hit by Hampus Lindholm and loses puck.
15:56 of 3rd period - Penalty to Tobias Enstrom is over, Tobias Enstrom is back on ice.
16:05 of 3rd period - Mike Cammalleri is hit by Leon Draisaitl and loses puck.
16:10 of 3rd period - Snap shot by Evander Kane.
16:10 of 3rd period - Shot Misses the Net.
16:12 of 3rd period - Slapshot by Leon Draisaitl.
16:12 of 3rd period - Shot Misses the Net.
16:14 of 3rd period - Wrist shot by Tobias Enstrom.
16:14 of 3rd period - Stopped by John Gibson with a rebound.
16:16 of 3rd period - Wrist shot by Duncan Keith.
16:16 of 3rd period - Stopped by John Gibson with a rebound.
16:57 of 3rd period - Snap shot by Ted Purcell.
16:57 of 3rd period - Shot Misses the Net.
17:23 of 3rd period - Off-side.
17:24 of 3rd period - Mike Cammalleri wins face-off versus Tyler Toffoli in neutral zone.
17:29 of 3rd period - Snap shot by Zach Werenski.
17:29 of 3rd period - Deflect By Beau Bennett.
17:29 of 3rd period - Shot Blocked by Rasmus Ristolainen.
17:29 of 3rd period - Puck is out of play.
17:30 of 3rd period - Evgeni Malkin wins face-off versus Connor McDavid in Oilers zone.
18:05 of 3rd period - Snap shot by Evander Kane.
18:05 of 3rd period - Shot Misses the Net.
19:27 of 3rd period - Snap shot by Tyler Toffoli.
19:27 of 3rd period - Goal by Tyler Toffoli - Maple Leafs : 1 - Oilers : 5.
19:28 of 3rd period - Evgeni Malkin wins face-off versus Connor McDavid in neutral zone.
19:51 of 3rd period - Minor Penalty to Claude Giroux for Goalie Interference.
19:52 of 3rd period - Connor McDavid wins face-off versus Scott Hartnell in Maple Leafs zone.
Goals for this period are 0 for Maple Leafs vs 1 for Oilers.
Shots for this period are 8 for Maple Leafs vs 10 for Oilers.